 Dungeon Crawl Stone Soup version 0.30.1-1-g62c8e00024 (webtiles) character file.

Game seed: 2625529610025135437

912 monsoonserge the Fighter (level 7, -1/70 HPs)
             Began as a Minotaur Fighter on July 14, 2023.
             Slain by a steam dragon (4 damage)
             ... on level 8 of the Dungeon.
             The game lasted 00:08:26 (4308 turns).

monsoonserge the Fighter (Minotaur Fighter)         Turns: 4308, Time: 00:08:27

Health: -1/70      AC:  7    Str: 22    XL:     7   Next: 82%
Magic:  6/6        EV: 10    Int:  5    God:
Gold:   64         SH:  5    Dex: 10    Spells: 6/6 levels left

rFire   . . .        a - +0 war axe
rCold   . . .        c - +0 buckler
rNeg    . . .        b - +0 scale mail
rPois   +            (helmet restricted)
rElec   .            q - scarf {shadows}
rCorr   .            (no gloves)
SInv    +            (no boots)
Will    .....        (no amulet) Stlth
                     s - ring of see invisible
HPRegen 0.31/turn    y - ring of poison resistance
MPRegen 0.10/turn

%: no passive effects
@: mighty
A: horns 2, retaliatory headbutt
a: no special abilities


You were on level 8 of the Dungeon.
You visited 1 branch of the dungeon, and saw 6 of its levels.

You collected 207 gold pieces.
You spent 143 gold pieces at shops.

Inventory:

Hand Weapons
 a - a +0 war axe (weapon)
 j - a +0 sling
Missiles
 g - 8 poisoned darts (quivered)
 l - 4 datura-tipped darts
 E - 3 curare-tipped darts
Armour
 b - a +0 scale mail (worn)
 c - a +0 buckler (worn)
 e - a +0 cloak
 q - a scarf of shadows (worn)
Magical Staves
 r - a staff of death
Jewellery
 s - a ring of see invisible (left hand)
 w - a ring of protection from fire
 y - a ring of poison resistance (right hand)
 z - a ring of wizardry
 D - a ring of willpower
 F - a ring of magical power
Scrolls
 h - 3 scrolls of teleportation {unknown}
 k - 2 scrolls of identify {unknown}
 m - 2 scrolls of brand weapon {unknown}
 n - a scroll of amnesia {unknown}
 p - 3 scrolls of immolation {unknown}
 t - a scroll of blinking {unknown}
 C - a scroll of noise {unknown}
 G - a scroll of poison {unknown}
Potions
 f - a potion of mutation {unknown}
 i - 2 potions of curing {unknown}
 o - a potion of brilliance {unknown}
 u - a potion of berserk rage {unknown}
 v - 3 potions of resistance {unknown}
 x - 4 potions of heal wounds
 A - a potion of invisibility
 B - a potion of magic {unknown}


   Skills:
 + Level 9.4 Fighting
 - Level 4.0 Axes
 + Level 2.0 Throwing
 - Level 4.0 Armour
 - Level 2.0 Dodging
 + Level 0.1 Stealth
 - Level 5.0 Shields


You had 6 spell levels left.
You didn't know any spells.
Your spell library contained the following spells:

 Spells                   Type           Power      Damage    Failure   Level
 Sublimation of Blood     Necr           0%         N/A       94%         2
 Wereblood                Tmut           0%         N/A       94%         2
 Leda's Liquefaction      Hex/Erth       0%         N/A       100%        4
 Lee's Rapid Deconstruct  Erth           0%         3d4*      100%        5
 Statue Form              Tmut/Erth      0%         N/A       100%        6
 Summon Hydra             Summ           0%         N/A       100%        7


Dungeon Overview and Level Annotations

Branches:
Dungeon (5/15)
 Temple: D:4-7

Altars:

Shops:
D:4 *   D:8 :

Annotations:
D:3 3 runed translucent doors, Arctor's ghost, amateur MiFi


Innate Abilities, Weirdness & Mutations

You have a pair of horns on your head.
You reflexively headbutt those who attack you in melee.


Message History

The steam dragon claws you.
You hit the steam dragon but do no damage.
The steam dragon barely misses you. You furiously retaliate!
You headbutt the steam dragon. The steam dragon claws you.
You hit the steam dragon. Your headbutt misses the steam dragon.
The steam dragon is lightly wounded.
The steam dragon bites you!
The steam dragon claws you but does no damage.
You hit the steam dragon.
The steam dragon is moderately wounded.
You block the steam dragon's attack. The steam dragon misses you.
The steam dragon breathes steam at you. The ball of steam misses you.
The steam dragon bites you! The steam dragon claws you.
* * * LOW HITPOINT WARNING * * *
There is a fountain of sparkling water here.
You barely miss the steam dragon.
The steam dragon is moderately wounded.
The steam dragon closely misses you. x2
You closely miss the steam dragon. Your headbutt misses the steam dragon.
The steam dragon is moderately wounded.
The steam dragon barely misses you. x2
You hit the steam dragon but do no damage.
Your headbutt misses the steam dragon.
The steam dragon is moderately wounded.
The steam dragon bites you.
* * * LOW HITPOINT WARNING * * *
You block the steam dragon's attack.
The steam dragon bites you but does no damage.
The steam dragon claws you.
* * * LOW HITPOINT WARNING * * *
You hit the steam dragon. Your headbutt misses the steam dragon.
The steam dragon is moderately wounded.
The steam dragon bites you.
* * * LOW HITPOINT WARNING * * *
The steam dragon claws you.
* * * LOW HITPOINT WARNING * * *
You feel very mighty all of a sudden. The steam dragon bites you.
You die...

............
............. #
#...........#### .##.
###...........#..
....##≈≈.≈≈........#.#
#....≈≈≈.≈≈≈.......#.###
.....≈≈⌠.⌠≈≈...........#
#...D∩.....§....#.#.#
#.≈≈@.⌠≈≈......[#.#
#.≈≈≈.≈≈≈.......#.#
##.≈≈.≈≈..........#
#.#####..#.#.##.## #.
#..##.#....# ##
...###.#.#### #.> ..#.#
#####


You could see a steam dragon.

Vanquished Creatures
  A wyvern (D:8)
  A water moccasin (D:8)
  2 centaurs (D:4)
  2 scorpions
  A jelly (D:4)
  4 iguanas
  3 orc wizards
  5 adders
  A white imp (D:4)
  An ufetubus (D:5)
  2 worms (D:2)
  4 dart slugs
  14 orcs
  5 bats
  5 endoplasms
  6 giant cockroaches
  9 goblins
  3 hobgoblins
  8 jackals
  13 kobolds
  5 quokkas
  12 ball pythons
  4 frilled lizards
  6 rats
117 creatures vanquished.

Notes
Turn   | Place    | Note
-------+----------+-------------------------------------------
     0 | D:1      | monsoonserge the Minotaur Fighter began the quest for the
                  | Orb.
     0 | D:1      | Reached XP level 1. HP: 19/19 MP: 0/0
   275 | D:1      | Reached XP level 2. HP: 24/27 MP: 1/1
   762 | D:1      | Reached XP level 3. HP: 33/33 MP: 2/2
   979 | D:2      | Reached skill level 4 in Fighting
  1466 | D:2      | Reached skill level 1 in Dodging
  1471 | D:2      | Reached XP level 4. HP: 41/41 MP: 3/3
  1670 | D:2      | Reached skill level 1 in Throwing
  2095 | D:3      | Found a runed translucent gate.
  2095 | D:3      | Found a runed translucent gate.
  2095 | D:3      | Found a runed translucent gate.
  2095 | D:3      | Noticed Arctor's ghost (amateur MiFi)
  2358 | D:3      | Reached XP level 5. HP: 45/47 MP: 4/4
  2781 | D:4      | Noticed a centaur
  2789 | D:4      | Killed a centaur
  3005 | D:4      | Found Uzeorph's General Store.
  3014 | D:4      | Bought a potion of heal wounds for 55 gold pieces
  3022 | D:4      | Bought a potion of invisibility for 88 gold pieces
  3092 | D:4      | Reached skill level 5 in Fighting
  3193 | D:4      | Reached skill level 5 in Shields
  3193 | D:4      | Reached XP level 6. HP: 44/56 MP: 5/5
  3216 | D:4      | Reached skill level 6 in Fighting
  3518 | D:4      | Reached skill level 7 in Fighting
  3753 | D:5      | Entered Level 5 of the Dungeon
  3761 | D:4      | Reached XP level 7. HP: 63/66 MP: 6/6
  3929 | D:5      | Reached skill level 8 in Fighting
  4072 | D:5      | You fall into a shaft and drop 3 floors!
  4083 | D:8      | Found Goheb's Self-Improvement Boutique.
  4084 | D:8      | Noticed a wyvern
  4098 | D:8      | Killed a wyvern
  4099 | D:8      | Reached skill level 9 in Fighting
  4289 | D:8      | Noticed a steam dragon
  4307 | D:8      | HP: 3/70 [steam dragon (3)]
  4308 | D:8      | Slain by a steam dragon

Illustrated notes

Levels and vault maps discovered:
D:1:      matt_arrival_los_fun, layout_basic
D:2:      layout_basic, serial_rivers, chequers_serial_rivers_micro_e,
          chequers_serial_rivers_room_b, chequers_serial_rivers_micro_a,
          chequers_serial_rivers_small_b, chequers_serial_rivers_micro_c,
          chequers_serial_rivers_small_3, minmay_misc_feat_room
D:3:      layout_loops_ring, ebering_ghost_rock_garden
D:4:      layout_loops_cross, serial_shops, nicolae_shop_tiny_real_fake_doors,
          minmay_misc_feat_cross
D:5:      layout_layer_cave, general_overflow_altar, small_statue_intersection,
          uniq_sigmund
D:8:      layout_basic, david_lair_generic, nicolae_shop_self_help

Skill      XL: |  1  2  3  4  5  6  7 |
---------------+----------------------+-----
Shields        | 4 5 |  5.0
Armour         | 4 |  4.0
Fighting       | 4 5 7 9 |  9.4
Axes           | 3 4 |  4.0
Dodging        | 1 2 |  2.0
Throwing       | 1 2 |  2.0
Stealth        | |  0.1

Action                     |  1- 3 |  4- 6 |  7- 9 || total
---------------------------+-------+-------+-------++-------
  Melee: War axe           |   110 |   121 |    52 ||   283
         Headbutt          |    17 |    15 |     9 ||    41
    Use: Potion            |       |       |     1 ||     1
 Armour: Scale mail        |    59 |    44 |    19 ||   122
  Dodge: Dodged            |    51 |    78 |    37 ||   166
  Block: Buckler           |    21 |    38 |     6 ||    65
